 Dungeon Crawl Stone Soup version 0.19-a0-459-gb8ed64d (webtiles) character file.

959 Goblin1989 the Firebug (level 7, -3/36 HPs)
             Began as a Deep Elf Fire Elementalist on June 2, 2016.
             Was an Initiate of Vehumet.
             Slain by Joseph
             ... wielding a +0 quarterstaff
              (10 damage)
             ... on level 7 of the Dungeon.
             The game lasted 00:20:22 (5374 turns).

Goblin1989 the Firebug (Deep Elf Fire Elementalist) Turns: 5374, Time: 00:20:22

Health: -3/36      AC:  3    Str:  5    XL:     7   Next: 92%
Magic:  12/18      EV: 13    Int: 26    God:    Vehumet [......]
Gold:   239        SH:  0    Dex: 15    Spells: 5 memorised, 3 levels left

rFire  . . .     SeeInvis .     x - +1 quarterstaff "Utotroj" {vamp, Int+4} (curse)
rCold  . . .     Gourm    .     a - +0 robe
rNeg   . . .     Faith    .     (shield currently unavailable)
rPois  +         Spirit   .     (no helmet)
rElec  .         Dismiss  .     p - +0 cloak
rCorr  .         Reflect  .     (no gloves)
SustAt .         Harm     .     (no boots)
MR     .....                    (no amulet)
Stlth  ++........               b - ring of flight {+Fly, !d}
                                r - ring of poison resistance {rPois, !d}

@: not resistant to hostile enchantments, unstealthy
A: no striking features
a: Renounce Religion, Evoke Flight


You were on level 7 of the Dungeon.
You worshipped Vehumet.
Vehumet was noncommittal.
You were not hungry.

You visited 2 branches of the dungeon, and saw 7 of its levels.

You collected 239 gold pieces.

Inventory:

Hand Weapons
 x - the cursed +1 quarterstaff "Utotroj" (weapon) {vamp, Int+4}
   (You found it on level 4 of the Dungeon)

   It inflicts no extra harm, but heals its wielder somewhat when it strikes a
   living foe.
   It affects your intelligence (+4).
   It has a curse placed upon it.
Missiles
 t - 17 poisoned needles
Armour
 a - a +0 robe (worn)
 p - a +0 cloak (worn)
Jewellery
 b - a ring of flight (right hand) {+Fly, !d}
 r - a ring of poison resistance (left hand) {rPois, !d}
Wands
 l - a wand of random effects (14/48)
 y - a wand of confusion (27/48)
Scrolls
 d - 7 scrolls of identify {unknown}
 f - a scroll of teleportation {unknown}
 h - 2 scrolls of amnesia {unknown}
 m - 2 scrolls of remove curse {unknown}
 v - 2 scrolls of enchant armour {unknown}
Potions
 e - 2 potions of degeneration {unknown}
 g - 4 potions of heal wounds {unknown}
 i - a potion of mutation {unknown}
 j - 2 potions of brilliance {unknown}
 o - a potion of haste {unknown}
 q - a potion of lignification {unknown}
 s - a potion of might {unknown}
 w - a potion of invisibility {unknown}
 z - a potion of cancellation {unknown}
Comestibles
 c - 6 bread rations
 k - a royal jelly
 n - a meat ration


   Skills:
 - Level 2.4 Dodging
 - Level 2.4 Stealth
 + Level 6.6 Spellcasting
 * Level 5.9 Conjurations
 * Level 7.1 Fire Magic


You had 3 spell levels left.
You knew the following spells:

 Your Spells              Type           Power        Failure   Level  Hunger
a - Flame Tongue          Conj/Fire      #####        1%          1    None
b - Conjure Flame         Conj/Fire      #####...     1%          3    None
c - Inner Flame           Hex/Fire       ####....     6%          3    None
d - Sticky Flame          Conj/Fire      #####...     6%          4    ###....
e - Fireball              Conj/Fire      #####.....   14%         5    #####..


Dungeon Overview and Level Annotations

Branches:
Dungeon (5/15)             Temple (1/1) D:4

Altars:
Ashenzari
Cheibriados
Dithmenos
Fedhas
Hepliaklqana
Makhleb
Nemelex Xobeh
Okawaru
Pakellas
Qazlal
Ru
Sif Muna
Trog
Uskayaw
Vehumet
Xom
Yredelemnul
The Shining One

Shops:
D:4 (

Annotations:
D:3 tstbtto's ghost, amateur NaGl
D:5 tstbtto's ghost, amateur MiGl
D:7 Joseph


Message History

You now have 17/18 mp.
Aim: Joseph, wielding a quarterstaff and wearing a dyed leather armour (lightly wounded)
The flame tongue misses Joseph.
Joseph hits you with a quarterstaff!
You take 8 damage, and have 28/36 hp.
MASSIVE DAMAGE!!
You now have 16/18 mp.
Aim: Joseph, wielding a quarterstaff and wearing a dyed leather armour (lightly wounded)
The flame tongue hits Joseph.
Joseph hits you with a quarterstaff!
You take 8 damage, and have 20/36 hp.
MASSIVE DAMAGE!!
You now have 15/18 mp.
Aim: Joseph, wielding a quarterstaff and wearing a dyed leather armour (lightly wounded)
The flame tongue hits Joseph.
Joseph closely misses you.
You now have 14/18 mp.
Aim: Joseph, wielding a quarterstaff and wearing a dyed leather armour (moderately wounded)
The flame tongue misses Joseph.
Joseph hits you with a quarterstaff!
You take 8 damage, and have 12/36 hp.
MASSIVE DAMAGE!!
You now have 13/18 mp.
Aim: Joseph, wielding a quarterstaff and wearing a dyed leather armour (moderately wounded)
The flame tongue misses Joseph.
Joseph hits you with a quarterstaff.
* * * LOW HITPOINT WARNING * * *
You take 5 damage, and have 7/36 hp.
Aim: Joseph, wielding a quarterstaff and wearing a dyed leather armour (moderately wounded)
The flame tongue hits Joseph.
Joseph hits you with a quarterstaff!
You die...

#.#. #...
# #... .#
O..
#.##.#
#.#.....#
#..######
#.......#
##..###.#
##.# #@#
#^. #@#
##(##.#
.##.#
.##.#
..#.#
#.#.# ..#


You could see Joseph.

Vanquished Creatures
  Edmund (D:5)
  3 ogres
  A scorpion (D:5)
  A howler monkey (D:4)
  A crimson imp (D:5)
  2 hounds (D:5)
  2 giant frog skeletons
  5 worker ants (D:4)
  4 orc wizards (D:4)
  6 adders
  4 dart slugs
  3 giant geckos
  4 orcs (D:4)
  8 bats
  A giant cockroach (D:4)
  A goblin (D:2)
  4 hobgoblins
  5 jackals
  2 quokkas
  4 giant newts
  5 kobolds
  12 rats
79 creatures vanquished.

Notes
Turn   | Place    | Note
--------------------------------------------------------------
     0 | D:1      | Goblin1989 the Deep Elf Fire Elementalist began the quest for the Orb.
     0 | D:1      | Reached XP level 1. HP: 10/10 MP: 6/6
   279 | D:1      | Reached XP level 2. HP: 15/15 MP: 6/8
   616 | D:1      | Reached skill level 4 in Fire Magic
   957 | D:1      | Reached XP level 3. HP: 13/19 MP: 2/9
  1555 | D:2      | Learned a level 3 spell: Conjure Flame
  1559 | D:2      | Learned a level 3 spell: Inner Flame
  1952 | D:2      | Found a shimmering altar of Xom.
  2229 | D:2      | Found a shattered altar of Ashenzari.
  2336 | D:2      | Reached XP level 4. HP: 24/24 MP: 9/11
  2426 | D:3      | Found a sparkling altar of Nemelex Xobeh.
  2538 | D:3      | Noticed tstbtto's ghost (amateur NaGl)
  2861 | D:4      | Noticed an ogre
  2873 | D:4      | Killed an ogre
  2873 | D:4      | Reached skill level 5 in Fire Magic
  2873 | D:4      | Reached XP level 5. HP: 24/28 MP: 6/13
  3184 | D:4      | Reached XP level 6. HP: 32/32 MP: 3/15
  3310 | D:4      | Found a staircase to the Ecumenical Temple.
  3320 | Temple   | Entered the Ecumenical Temple
  3384 | Temple   | Became a worshipper of Vehumet
  3496 | D:4      | Reached skill level 5 in Spellcasting
  3601 | D:4      | Found Irops's Antique Weapon Emporium.
  3648 | D:4      | Learned a level 4 spell: Sticky Flame
  3714 | D:4      | Got a smoking quarterstaff
  3720 | D:4      | Identified the cursed +1 quarterstaff "Utotroj" {vamp, Int+4} (You found it on level 4 of the Dungeon)
  3858 | D:4      | Reached skill level 6 in Fire Magic
  3876 | D:4      | Found an oddly glowing altar of Pakellas.
  3890 | D:4      | Reached XP level 7. HP: 34/36 MP: 3/17
  3990 | D:4      | Reached skill level 5 in Conjurations
  4410 | D:5      | Entered Level 5 of the Dungeon
  4413 | D:5      | Noticed Edmund
  4428 | D:5      | Killed Edmund
  4756 | D:5      | Noticed tstbtto's ghost (amateur MiGl)
  5042 | D:5      | Found a burning altar of Makhleb.
  5046 | D:5      | Reached skill level 7 in Fire Magic
  5082 | D:5      | Learned a level 5 spell: Fireball
  5085 | D:5      | Found a stormy altar of Qazlal.
  5145 | D:5      | Noticed a moth of wrath
  5148 | D:5      | Found a bloodstained altar of Trog.
  5359 | D:5      | You fall through a shaft for 2 floors!
  5365 | D:7      | Noticed Joseph
  5374 | D:7      | Slain by Joseph

Vault maps used:
D:1:      lightli_arrival_quake, serial_bayou_pond_c, roderic_bali_sauvastika,
          minivault_26, serial_bayou_pond_b
D:2:      xom_butterflies, lemuel_tele_altar
D:3:      first_bread, minivault_4, nemelex_diamond_rough_becter
D:4:      kennysheep_mini_moat, minmay_temple_entry_glass, serial_shops,
          nicolae_shop_behind_doors
D:5:      lemuel_ratsnest, zin_academy, grunt_qazlal_sundering,
          makhleb_heckhound_becter, tgw_trog, uniq_sigmund, uniq_edmund,
          uniq_blork_the_orc
D:7:      lemuel_doored_altar, uniq_joseph
Temple:   circular_temple_12

Skill      XL: |  1  2  3  4  5  6  7 |
---------------+----------------------+-----
Fire Magic     | 4 5 6 7 |  7.1
Conjurations   | 2 3 4 5 |  5.9
Spellcasting   | 4 5 6 |  6.6
Dodging        | |  2.4
Stealth        | |  2.4

Action                   |  1- 3 |  4- 6 |  7- 9 || total
-------------------------+-------+-------+-------++-------
Melee: Unarmed           |     1 |       |       ||     1
       Quarterstaff      |       |       |     7 ||     7
 Cast: Flame Tongue      |    66 |    81 |    65 ||   212
       Conjure Flame     |       |     5 |     3 ||     8
       Inner Flame       |       |     2 |       ||     2
 Stab: Sleeping          |       |       |     1 ||     1
  Eat: Chunk             |     3 |     6 |     4 ||    13
       Fruit             |       |     4 |       ||     4
       Beef jerky        |       |     1 |       ||     1
Armor: Robe              |     4 |     1 |     2 ||     7
Dodge: Dodged            |    25 |    26 |    13 ||    64
